 Dungeon Crawl Stone Soup version 0.28.0-47-ge53b351184 (webtiles) character file.

Game seed: 8321166638453024293

120 pkoi the Ruffian (level 4, -7/36 HPs)
             Began as a Demigod Gladiator on May 3, 2022.
             Mangled by an ogre
             ... wielding a +0 giant club
              (27 damage)
             ... on level 3 of the Dungeon.
             The game lasted 00:03:33 (3423 turns).

pkoi the Ruffian (Demigod Gladiator)                Turns: 3423, Time: 00:03:34

Health: -7/36      AC:  9    Str: 19    XL:     4   Next: 47%
Magic:  6/6        EV:  8    Int: 10    God:
Gold:   78         SH:  0    Dex: 15    Spells: 3/3 levels left

rFire   . . .      SeeInvis .     - Unarmed
rCold   + . .      Faith    .   (no shield)
rNeg    . . .      Spirit   .   d - +0 chain mail
rPois   .          Reflect  .   b - +0 helmet
rElec   .          Harm     .   (no cloak)
rCorr   .          Rampage  .   (no gloves)
Will    .....                   (no boots)
Stlth   ..........              (no amulet)
HPRegen 0.12/turn               m - ring of protection from cold
MPRegen 0.10/turn               (no ring)

@: no status effects
A: high MP 1, forlorn, divine attributes
a: no special abilities


You were on level 3 of the Dungeon.
You visited 1 branch of the dungeon, and saw 3 of its levels.

You collected 78 gold pieces.

Inventory:

Hand Weapons
 h - a +0 dagger
 k - a +0 short sword
Missiles
 c - 3 throwing nets
 g - 2 poisoned darts
 j - 2 boomerangs (quivered)
Armour
 a - a +0 leather armour
 b - a +0 helmet (worn)
 d - a +0 chain mail (worn)
Jewellery
 m - a ring of protection from cold (left hand)
Scrolls
 f - a scroll of identify
Potions
 e - a potion of lignification
 i - a potion of brilliance
 l - a potion of curing


   Skills:
 - Level 1.7 Fighting
 + Level 1.7 Throwing
 + Level 1.8 Armour
 - Level 2.6 Dodging
 * Level 4.5 Unarmed Combat


You had 3 spell levels left.
You didn't know any spells.
Your spell library was empty.

Dungeon Overview and Level Annotations

Branches:
Dungeon (3/15)

Shops:
D:3 [


Innate Abilities, Weirdness & Mutations

You have an increased reservoir of magic. (+10% MP)
You shall have no god before yourself.
Your divine heritage dramatically boosts your attributes as you level up.


Message History

An ogre comes into view. It is wielding a +0 giant club.
An ogre is nearby!
An ogre is nearby!
Throw: 3 boomerangs
Press: ? - help, Q - select action, (/) - cycle Shift-Dir - straight line, f - ogre
Aim: an ogre, wielding a +0 giant club (73% to hit)
You throw a boomerang. The boomerang closely misses the ogre.
Unknown command.
Throw: 3 boomerangs
Press: ? - help, Q - select action, (/) - cycle Shift-Dir - straight line, f/p - ogre
Aim: an ogre, wielding a +0 giant club (73% to hit)
You throw a boomerang. The boomerang hits the ogre.
The ogre is lightly wounded.
Unknown command.
Throw: 2 boomerangs
Press: ? - help, Q - select action, (/) - cycle Shift-Dir - straight line, f/p - ogre
Aim: an ogre, wielding a +0 giant club (lightly wounded, 73% to hit)
You throw a boomerang. The boomerang hits the ogre.
The ogre is moderately wounded.
Unknown command.
Throw: 2 boomerangs
Press: ? - help, Q - select action, (/) - cycle Shift-Dir - straight line, f/p - ogre
Aim: an ogre, wielding a +0 giant club (moderately wounded, 73% to hit)
You throw a boomerang.
The boomerang hits the ogre but does no damage.
The ogre is moderately wounded.
You closely miss the ogre.
The ogre is moderately wounded.
The ogre hits you with a +0 giant club!
* * * LOW HITPOINT WARNING * * *
You hit the ogre. You punch the ogre.
The ogre is heavily wounded.
The ogre barely misses you.
You hit the ogre.
The ogre is severely wounded.
You hit the ogre.
The ogre is almost dead.
The ogre hits you with a +0 giant club!!
Ouch! That really hurt!
You die...

..... ....#### .... #.....#
#...### #.....# ....... #.....##
....... ##.....'## ....##.#
#........########....##.#
#).......'......O....##.# ##.
#).......#######@.#####.#####....
...................(.............
.............###..####...........
#........###.# #.........<###....
#.....#+####.###..#.....### #..#.
####### #.............# #..#
###.##.......## #..# #.##.....#.#
#..# #.##.....#.# #..#


You could see an ogre.

Vanquished Creatures
  A jelly (D:3)
  An orc wizard (D:3)
  An adder (D:3)
  A worm (D:2)
  A dart slug (D:3)
  4 orcs (D:3)
  5 endoplasms
  3 giant cockroaches
  3 goblins
  5 hobgoblins
  3 jackals (D:2)
  A kobold (D:3)
  A quokka (D:1)
  7 ball pythons
  2 bats (D:2)
  3 frilled lizards
  5 rats
47 creatures vanquished.

Notes
Turn   | Place    | Note
-------+----------+-------------------------------------------
     0 | D:1      | pkoi the Demigod Gladiator began the quest for the Orb.
     0 | D:1      | Reached XP level 1. HP: 17/17 MP: 3/3
   281 | D:1      | Reached skill level 3 in Unarmed Combat
   900 | D:1      | Reached XP level 2. HP: 24/24 MP: 4/4
  1938 | D:2      | Reached XP level 3. HP: 28/29 MP: 5/5
  2206 | D:3      | Reached skill level 1 in Armour
  2574 | D:3      | Found Ligapn's Antique Armour Shop.
  2688 | D:3      | Reached skill level 4 in Unarmed Combat
  2869 | D:3      | Reached XP level 4. HP: 28/36 MP: 6/6
  3415 | D:3      | Noticed an ogre
  3423 | D:3      | Mangled by an ogre

Illustrated notes

Levels and vault maps discovered:
D:1:      ebering_hopf_link, layout_basic
D:2:      layout_basic
D:3:      layout_basic, shapermc_ecumenical_altar_notcrosses, serial_shops,
          nicolae_shop_hallway_plus

Skill      XL: |  1  2  3 |
---------------+----------+-----
Unarmed Combat | 3 4 |  4.5
Armour         | 1 |  1.8
Fighting       | |  1.7
Throwing       | |  1.7
Dodging        | |  2.6

Action                   |  1- 3 |  4- 6 || total
-------------------------+-------+-------++-------
Melee: Unarmed           |   224 |    14 ||   238
       Punch             |     9 |     1 ||    10
Throw: Boomerang         |       |     4 ||     4
  Use: Scroll            |     4 |     2 ||     6
Armor: Chain mail        |   124 |     2 ||   126
Dodge: Dodged            |    84 |     5 ||    89
